 Dungeon Crawl Stone Soup version 0.32-a0-656-g3542139ebd (webtiles) character file.

Game seed: 7925721645790651792

16852 Aldia the Basher (level 12, -1/106 HPs)
             Began as a Mountain Dwarf Necromancer on Mar 8, 2024.
             Was a Believer of Beogh.
             Slain by a blink frog (12 damage)
             ... led by Prince Ribbit
             ... on level 2 of the Lair of Beasts.
             The game lasted 00:34:47 (13231 turns).

Aldia the Basher (Mountain Dwarf Necromancer)      Turns: 13231, Time: 00:34:47

Health: -1/106     AC: 16    Str: 15    XL:     12   Next: 13%
Magic:  6/28       EV:  7    Int: 17    God:    Beogh [**....]
Gold:   1143       SH:  4    Dex: 10    Spells: 14/21 levels left

rFire   . . .        x - +2 whip (drain)
rCold   + . .        r - +0 buckler
rNeg    . . .        u - +1 chain mail {rC+}
rPois   .            v - +0 helmet
rElec   .            (no cloak)
rCorr   .            s - +0 pair of gloves
SInv    .            l - +0 pair of boots
Will    ++...        d - amulet of faith Stlth
                     B - ring of willpower
HPRegen 0.37/turn    h - ring of magical power
MPRegen 0.21/turn

%: faith
@: animating dead
A: runic magic, artefact enchanting
a: Renounce Religion, Smiting


You were on level 2 of the Lair of Beasts.
You worshipped Beogh.
Beogh was pleased with you.
You visited 3 branches of the dungeon, and saw 14 of its levels.
You also visited: Bailey.

You collected 1143 gold pieces.

Inventory:

Hand Weapons
 i - a +0 war axe
 x - a +2 whip of draining (weapon)
 F - a +3 flail of holy wrath
Missiles
 z - a throwing net
 H - 3 curare-tipped darts
Armour
 l - a +0 pair of boots (worn)
 r - a +0 buckler (worn)
 s - a +0 pair of gloves (worn)
 u - a +1 chain mail of cold resistance (worn)
 v - a +0 helmet (worn)
 A - a +0 kite shield
Jewellery
 d - an amulet of faith (around neck)
 f - an amulet of magic regeneration
 h - a ring of magical power (right hand)
 n - an amulet of regeneration
 B - a ring of willpower (left hand)
 M - a ring of positive energy
Wands
 j - a wand of mindburst (8)
 G - a wand of paralysis (17)
 K - a wand of roots (1)
Scrolls
 c - 2 scrolls of blinking
 g - a scroll of silence
 m - a scroll of enchant weapon
 p - a scroll of brand weapon
 t - a scroll of summoning
 w - 9 scrolls of teleportation
 y - 4 scrolls of vulnerability
 D - a scroll of fear {unknown}
 I - 2 scrolls of immolation
 J - a scroll of amnesia
Potions
 a - 3 potions of curing
 b - a potion of magic
 e - 2 potions of resistance
 k - 3 potions of invisibility
 q - 4 potions of attraction
 C - 2 potions of might


   Skills:
 + Level 9.9 Fighting
 + Level 11.4 Maces & Flails
 + Level 9.7 Armour
 - Level 2.0 Dodging
 - Level 1.4 Stealth
 - Level 4.0 Shields
 - Level 5.0 Spellcasting
 - Level 10.0 Necromancy
 * Level 7.8 Invocations


You had 14 spell levels left.
You knew the following spells:

 Your Spells              Type           Power      Damage    Failure   Level
b - Vampiric Draining     Necr           38%        2d8       1%          3
c - Animate Dead          Necr           38%        N/A       5%          4

Your spell library contained the following spells:

 Spells                   Type           Power      Damage    Failure   Level
 Necrotise                Necr           100%       1d9       1%          1
 Cigotuvi's Dreadful Rot  Necr/Alch/Air  30%        N/A       13%         2
 Curse of Agony           Necr           38%        N/A       14%         5
 Freeze                   Ice            16%        1d4       32%         1
 Shock                    Conj/Air       16%        1d4       32%         1
 Frozen Ramparts          Ice            8%         1d2       67%         3
 Hailstorm                Conj/Ice       4%         3d5       67%         3
 Swiftness                Air            4%         N/A       67%         3
 Airstrike                Air            2%         2d(1-17)  97%         4
 Leda's Liquefaction      Alch/Erth      2%         N/A       97%         4
 Arcjolt                  Conj/Air       2%         1d12      100%        5
 Iskenderun's Battlesphe  Conj           4%         2d6       100%        5
 Bombard                  Conj/Erth      2%         9d1       100%        6
 Spellforged Servitor     Conj/Summ      2%         N/A       100%        7
 Chain Lightning          Conj/Air       2%         3d2       100%        9
 Fire Storm               Conj/Fire      2%         8d1       100%        9
 Shatter                  Erth           2%         3d6*      100%        9


Dungeon Overview and Level Annotations

Branches:
Dungeon (11/15)            Temple (1/1) D:6            Lair (2/5) D:10
    Orc (0/2) D:9          Bailey (visited)
  Swamp: Lair:2-3    Shoals: Lair:2-3     Snake: Lair:2-3    Spider: Lair:2-3

Altars:
Ashenzari
Cheibriados
Dithmenos
Elyvilon
Fedhas
Gozag
Hepliaklqana
Kikubaaqudgha
Makhleb
Nemelex Xobeh
Okawaru
Qazlal
Ru
Sif Muna
Trog
Uskayaw
Vehumet
Wu Jian
Xom
Yredelemnul
Zin
The Shining One


Innate Abilities, Weirdness & Mutations

Your facial features look somewhat orcish.
Your spellcasting is much less encumbered by armour.
You can use scrolls of enchantment on lesser artefacts.


Message History

Casting: Vampiric Draining (safe; 1% risk of failure)
Confirm with . or Enter, or press ? or * to list all spells.
Aiming: Vampiric Draining (safe; 1% risk of failure)
Press: ? - help, Shift-Dir - straight line, f - water moccasin
Aim: a water moccasin You draw life force from the water moccasin!
You feel life coursing into your body.
You feel sick. The blink frog barely misses you. The water moccasin bites you!
The adder bites you but does no damage. The blink frog hits you!
* * * LOW HITPOINT WARNING * * *
The blink frog hits your water moccasin zombie!
The blink frog blinks!
The water moccasin bites you.
* * * LOW HITPOINT WARNING * * *
You are lethally poisoned!
The water moccasin poisons you! The blink frog hits you.
* * * LOW HITPOINT WARNING * * *
The blink frog blinks!
The adder bites you but does no damage.
Unknown command.
Casting: Vampiric Draining (safe; 1% risk of failure)
Confirm with . or Enter, or press ? or * to list all spells.
Aiming: Vampiric Draining (safe; 1% risk of failure)
Press: ? - help, Shift-Dir - straight line, f/p - water moccasin
Aim: a water moccasin (moderately wounded)
Okay, then.
You feel better. The blink frog hits you!
* * * LOW HITPOINT WARNING * * *
The blink frog hits your komodo dragon zombie!
The water moccasin bites you but does no damage.
You block the blink frog's attack.
Your cane toad zombie completely misses the blink frog.
The blink frog hits your komodo dragon zombie!
Unknown command.
You swap places.
The water moccasin bites your cane toad zombie.
Your komodo dragon zombie bites the blink frog.
The blink frog hits your cane toad zombie!
The blink frog blinks!
The blink frog barely misses your water moccasin zombie.
The blink frog hits you!
You die...

#...ß....####.######..###
#........##..............
#.....#.......####.#
##.....##......# ###
##..ß....##.<.# #
####....#####†.##
##.#..##F...##....#
.......Z.F........#
.......@.F.........
.:..)FFZZ.#.###.#...
...>..SF§.### ###...
.......S...# #...
..........## ...........
............
..........### ...........


You could see 6 blink frogs, a water moccasin, an adder (ally target), a
friendly komodo dragon zombie, a friendly water moccasin zombie and a friendly
cane toad zombie.

Vanquished Creatures
  Gastronok (D:8)
  A boulder beetle (Lair:1)
  2 two-headed ogres (D:9)
  A black mamba (Lair:1)
  4 cane toads
  Jeremiah (D:8)
  An unseen horror (D:10)
  A rime drake (Lair:1)
  2 komodo dragons
  2 trolls (D:7)
  Prince Ribbit (Lair:2)
  Sigmund (D:2)
  A wyvern (D:7)
  16 yaks
  Edmund (D:6)
  Duvessa (D:4)
  7 water moccasins
  3 black bears
  4 orc warriors
  3 sky beasts
  An ice beast (D:7)
  An ogre (D:5)
  2 centaurs (D:7)
  Blork the orc (D:6)
  9 kobold brigands
  7 bullfrogs
  3 scorpions
  A gnoll sergeant (D:7)
  9 wights (D:7)
  Dowan (D:4)
  6 killer bees (D:9)
  A howler monkey (D:10)
  2 jellies
  3 orc priests
  4 bombardier beetles
  3 hounds
  2 gnoll boudas
  4 iguanas
  A sleepcap (D:5)
  Terence (D:3)
  Natasha (D:2)
  10 orc wizards
  Robin (D:3)
  5 adders
  13 gnolls
  A white imp (D:7)
  3 ufetubi
  2 dart slugs
  3 ribbon worms
  25 orcs
  A ball python (D:3)
  10 bats
  11 endoplasms
  4 giant cockroaches
  13 goblins
  5 hobgoblins
  32 kobolds
  5 quokkas
  3 frilled lizards
  4 rats
  A spectral kobold (D:2)
269 creatures vanquished.

Vanquished Creatures (collateral kills)
  A cane toad (Lair:1)
  A basilisk (Lair:1)
  4 yaks
  A steam dragon (D:7)
  Menkaure (D:7)
  An acid dragon (D:10)
  2 water moccasins (Lair:1)
  An ogre (D:5)
  3 centaurs
  A bullfrog (Lair:1)
  A kobold brigand (D:9)
  A gnoll sergeant (D:10)
  3 wights (D:7)
  2 killer bees (D:9)
  A bombardier beetle (D:4)
  A hound (D:5)
  2 jellies
  A sleepcap (D:7)
  3 orc wizards
  An adder (D:6)
  6 gnolls
  A shadow imp (D:7)
  A dart slug (D:4)
  A ribbon worm (D:2)
  7 orcs
  A ball python (D:1)
  2 goblins (D:3)
  A hobgoblin (D:4)
  2 frilled lizards
  11 kobolds
65 creatures vanquished.

Vanquished Creatures (others)
  A komodo dragon zombie (Lair:1)
  A wyvern zombie (D:7)
  A water moccasin zombie (D:7)
  2 bullfrog zombies (Lair:2)
  2 killer bee zombies (D:9)
  An ogre zombie (D:5)
  An acid dragon zombie (D:10)
  A hound zombie (D:6)
  A human zombie (D:6)
  A steam dragon zombie (D:7)
  2 adder zombies (Lair:2)
  2 iguana zombies
  7 orc zombies
  10 gnoll zombies
  A dart slug zombie (D:4)
  4 goblin zombies
  18 kobold zombies
56 creatures vanquished.

Grand Total: 390 creatures vanquished

Notes
Turn   | Place    | Note
-------+----------+-------------------------------------------
     0 | D:1      | Aldia the Mountain Dwarf Necromancer began the quest for
                  | the Orb.
     0 | D:1      | Reached XP level 1. HP: 14/14 MP: 3/3
   143 | D:1      | Reached XP level 2. HP: 17/20 MP: 0/5
   328 | D:1      | Reached skill level 5 in Necromancy
   508 | D:1      | Reached XP level 3. HP: 26/26 MP: 6/6
   547 | D:1      | Learned a level 3 spell: Vampiric Draining
   709 | D:2      | Noticed Natasha
  1059 | D:2      | Found a sacrificial altar of Ru.
  1059 | D:2      | Noticed Sigmund
  1079 | D:2      | Killed Sigmund
  1080 | D:2      | Reached XP level 4. HP: 6/33 MP: 0/8
  1080 | D:2      | Reached XP level 5. HP: 7/38 MP: 0/9
  1279 | D:2      | Learned a level 4 spell: Animate Dead
  1303 | D:2      | Killed Natasha
  1403 | D:2      | Found a faded altar of an unknown god.
  1650 | D:3      | Reached XP level 6. HP: 35/46 MP: 5/10
  1976 | D:3      | Noticed Terence
  1980 | D:3      | Killed Terence
  2334 | D:3      | Noticed Robin
  2351 | D:3      | Reached skill level 1 in Armour
  2357 | D:3      | Killed Robin
  2358 | D:3      | Reached skill level 1 in Fighting
  2501 | D:3      | Got the Reference Book on Telluric Weather
  2981 | D:4      | Reached XP level 7. HP: 48/55 MP: 10/12
  3272 | D:4      | Noticed Dowan
  3273 | D:4      | Noticed Duvessa
  3295 | D:4      | Killed Duvessa
  3300 | D:4      | Killed Dowan
  3781 | D:5      | Entered Level 5 of the Dungeon
  3860 | D:5      | Reached skill level 1 in Shields
  3860 | D:5      | Reached XP level 8. HP: 62/63 MP: 10/14
  4271 | D:6      | Noticed Edmund
  4284 | D:6      | Killed Edmund
  4474 | D:6      | Found a sparkling altar of Nemelex Xobeh.
  4491 | D:6      | Your ally Edmund died
  4510 | D:6      | Reached skill level 5 in Spellcasting
  4720 | D:6      | Found a staircase to the Ecumenical Temple.
  4727 | Temple   | Entered the Ecumenical Temple
  4806 | D:6      | Noticed Blork the orc
  4812 | D:6      | Killed Blork the orc
  4813 | D:6      | Reached skill level 5 in Fighting
  4959 | D:6      | Reached XP level 9. HP: 63/74 MP: 12/16
  5335 | D:7      | Noticed a troll
  5341 | D:7      | Killed a troll
  5571 | D:7      | Noticed Menkaure
  5579 | D:7      | Killed Menkaure
  5580 | D:7      | Reached skill level 5 in Armour
  5582 | D:7      | Reached skill level 10 in Necromancy
  5654 | D:7      | Reached skill level 1 in Maces & Flails
  5658 | D:7      | Reached skill level 2 in Maces & Flails
  5700 | D:7      | Reached skill level 3 in Maces & Flails
  6009 | D:7      | Found a radiant altar of Vehumet.
  6039 | D:7      | Found a snail-covered altar of Cheibriados.
  6040 | D:7      | Found a shimmering altar of Xom.
  6088 | D:7      | Reached skill level 4 in Maces & Flails
  6094 | D:7      | Found a shimmering blue altar of Sif Muna.
  6096 | D:7      | Found a glowing silver altar of Zin.
  6097 | D:7      | Found a hazy altar of Hepliaklqana.
  6099 | D:7      | Found a sacrificial altar of Ru.
  6099 | D:7      | Found a bloodstained altar of Trog.
  6102 | D:7      | Found a shadowy altar of Dithmenos.
  6104 | D:7      | Found a hide-covered altar of Uskayaw.
  6106 | D:7      | Found a glowing golden altar of the Shining One.
  6777 | D:7      | Reached skill level 5 in Maces & Flails
  6783 | D:7      | Reached XP level 10. HP: 75/84 MP: 2/17
  6942 | D:7      | Reached skill level 6 in Maces & Flails
  6954 | D:7      | Identified the +0 hand axe of Tenacity {freeze, rCorr Int+2
                  | Dex-4}
  7435 | D:8      | Found a stormy altar of Qazlal.
  7623 | D:8      | Noticed Jeremiah
  7634 | D:8      | Killed Jeremiah
  7659 | D:8      | Found a flagged portal.
  7673 | D:8      | Reached skill level 7 in Maces & Flails
  7701 | Bailey   | Entered a bailey
  7792 | Bailey   | Found a bloodstained altar of Trog.
  8364 | D:8      | Reached skill level 8 in Maces & Flails
  8765 | D:8      | Noticed Gastronok
  8779 | D:8      | Killed Gastronok
  8780 | D:8      | Reached skill level 9 in Maces & Flails
  8983 | D:9      | Reached XP level 11. HP: 77/95 MP: 18/18
  8989 | D:9      | Noticed a two-headed ogre
  9001 | D:9      | Killed a two-headed ogre
  9076 | D:9      | Became a worshipper of Beogh the Shepherd
  9278 | D:9      | Found a staircase to the Orcish Mines.
  9688 | D:9      | Noticed a two-headed ogre
  9694 | D:9      | Killed a two-headed ogre
  9695 | D:9      | Reached skill level 10 in Maces & Flails
  9839 | D:10     | Entered Level 10 of the Dungeon
  9867 | D:10     | Reached skill level 1 in Invocations
  9968 | D:10     | Found a staircase to the Lair.
 10086 | D:10     | Reached * piety under Beogh
 10952 | Lair:1   | Entered Level 1 of the Lair of Beasts
 11092 | Lair:1   | Noticed a boulder beetle
 11118 | Lair:1   | Killed a boulder beetle
 11138 | Lair:1   | Reached skill level 5 in Invocations
 11329 | Lair:1   | Reached ** piety under Beogh
 11890 | Lair:1   | Reached skill level 11 in Maces & Flails
 12320 | Lair:1   | Reached XP level 12. HP: 81/106 MP: 19/19
 13212 | Lair:2   | Noticed Prince Ribbit
 13225 | Lair:2   | Killed Prince Ribbit
 13231 | Lair:2   | Slain by a blink frog

Illustrated notes

Levels and vault maps discovered:
D:1:      nzn_arrival_depleted_hourglass, layout_rooms
D:2:      layout_rooms, basic_altar, dreamdust_ecumenical_altar_drowned_temple,
          kennysheep_generic_room_14, uniq_natasha, uniq_sigmund
D:3:      layout_basic, minmay_cut_off, uniq_robin, uniq_terence
D:4:      layout_basic, serial_curves, eino_curves_02, eino_curves_02,
          hangedman_decor_growths, grunt_ministairs_2, nicolae_the_louvre,
          uniq_duvessa
D:5:      layout_cave_pools, kennysheep_nub
D:6:      layout_rooms, mainiacjoe_overflow_boulevard, minmay_temple_entry_tees,
          uniq_blork_the_orc, uniq_edmund
D:7:      kennysheep_windowed_halls, layout_basic,
          nicolae_overflow_hallway_of_the_gods, uniq_menkaure
D:8:      layout_cave_pods, nicolae_qazlal_general_emergency, enter_bailey_3,
          uniq_gastronok, uniq_jeremiah
D:9:      layout_rooms, orc_0_dummy, serial_aquarium,
          aquarium_bridge_long_joined [aquarium_subvault_wall,
          aquarium_subvault_wall, aquarium_subvault_bridge,
          aquarium_subvault_bridge, aquarium_subvault_window,
          aquarium_subvault_wall], aquarium_window_2, aquarium_window_fake,
          aquarium_window_1, aquarium_view_2c, aquarium_balcony_double_1,
          aquarium_pool_S
D:10:     layout_cross, lair_entry_dummy
D:11:     layout_irregular_city, glass_columns_b
Temple:   nicolae_temple_ecumenical_triangle
Lair:1:   layout_layer_cave, grunt_megastairs_2
Lair:2:   layout_small_grid, cheibrodos_lair_reptile_den, grunt_megastairs_4,
          uniq_prince_ribbit2

Skill      XL: |  1  2  3  4  5  6  7  8  9 10 11 |
---------------+----------------------------------+-----
Spellcasting   | 2 3 4 5 |  5.0
Necromancy     | 5 6 7 8 9 10 | 10.0
Armour         | 2 3 4 6 8 9 |  9.7
Fighting       | 2 3 5 6 8 9 |  9.9
Shields        | 1 4 |  4.0
Maces & Flails | 5 9 11 | 11.4
Invocations    | 7 |  7.8
Dodging        | 2 |  2.0
Stealth        | |  1.4

Action                     |  1- 3 |  4- 6 |  7- 9 | 10-12 || total
---------------------------+-------+-------+-------+-------++-------
  Melee: Spear             |     5 |       |       |       ||     5
         Flail             |     6 |       |       |       ||     6
         Whip              |     2 |    16 |   259 |   639 ||   916
         War axe           |       |    27 |       |       ||    27
   Cast: Necrotise         |    61 |    60 |   124 |    11 ||   256
         Vampiric Draining |     1 |     3 |    21 |    88 ||   113
         Animate Dead      |       |     2 |     7 |    14 ||    23
 Invoke: Convert to Beogh  |       |       |       |     1 ||     1
  Evoke: Wand              |       |       |    10 |     7 ||    17
    Use: Scroll            |       |     6 |     6 |     8 ||    20
         Potion            |       |       |     1 |     8 ||     9
   Stab: Sleeping          |     1 |       |       |       ||     1
         Distracted        |       |       |       |     5 ||     5
 Armour: Robe              |    23 |       |       |       ||    23
         Ring mail         |     5 |    65 |    37 |       ||   107
         Scale mail        |       |       |    70 |       ||    70
         Chain mail        |       |       |   183 |   763 ||   946
  Dodge: Dodged            |    32 |    42 |   117 |   275 ||   466
  Block: Buckler           |       |       |    83 |   182 ||   265

Table legend: (Time is in decaauts)
 A = Elapsed time spent in this place.
 B = Non-inter-level travel time spent in this place.
 C = Inter-level travel time spent in this place.
 D = Time resting spent in this place.
 E = Time spent auto-exploring this place.
 F = Levels seen in this place.
 G = Mean time per level.
                   A        B        C        D        E       F      G
               +--------+--------+--------+--------+--------+-----+--------+
         Total |  13105 |  12678 |    427 |    525 |   9156 |  15 |  873.7 |
       Dungeon |  10748 |  10395 |    353 |    497 |   7348 |  11 |  977.1 |
        Temple |     18 |     18 |      0 |      0 |      0 |   1 |   18.0 |
          Lair |   2183 |   2110 |     73 |     28 |   1801 |   2 | 1091.5 |
        Bailey |    154 |    154 |      0 |      0 |      7 |   1 |  154.0 |
               +--------+--------+--------+--------+--------+-----+--------+

Top non-repeatable levels by time:
  Lair:1: 2001 daAuts
     D:7: 1977 daAuts
     D:8: 1616 daAuts
     D:3: 1147 daAuts
     D:4: 1091 daAuts
     D:9: 958 daAuts
    D:10: 947 daAuts
     D:6: 921 daAuts
     D:2: 831 daAuts
     D:1: 743 daAuts
     D:5: 473 daAuts
  Lair:2: 182 daAuts
  Bailey: 154 daAuts
    D:11: 41 daAuts
  Temple: 18 daAuts
